 Dungeon Crawl Stone Soup version 0.25.1-2-g60ff931df9 (webtiles) character file.

Game seed: 7088433333252780850

97 DungeonDestroyer the Skirmisher (level 4, 0/38 HPs)
             Began as a Demigod Fighter on Oct 18, 2020.
             Slain by a phantom (5 damage)
             ... on level 6 of the Dungeon.
             The game lasted 00:02:44 (2222 turns).

DungeonDestroyer the Skirmisher (Demigod Fighter)   Turns: 2222, Time: 00:02:44

Health: 0/38       AC:  6    Str: 21    XL:     4   Next: 19%
Magic:  6/6        EV:  8    Int: 12    God:
Gold:   111        SH:  9    Dex: 15    Spells: 3/3 levels left

rFire    . . .     SeeInvis .   a - +1 war axe
rCold    . . .     Gourm    .   c - +0 kite shield
rNeg     . . .     Faith    .   b - +0 scale mail
rPois    .         Spirit   .   (no helmet)
rElec    .         Reflect  .   (no cloak)
rCorr    .         Harm     .   (no gloves)
MR       .....                  (no boots)
Stlth    ..........             (no amulet)
HPRegen  0.12/turn              (no ring)
MPRegen  0.10/turn              (no ring)

@: slowed, very slow
A: high mp 1
a: no special abilities


You were on level 6 of the Dungeon.
You were not hungry.

You visited 1 branch of the dungeon, and saw 4 of its levels.

You collected 111 gold pieces.

Inventory:

Hand Weapons
 a - a +1 war axe (weapon)
 l - a +0 spear of venom
Armour
 b - a +0 scale mail (worn)
 c - a +0 kite shield (worn)
Scrolls
 e - a scroll of blinking {unknown}
 h - a scroll of identify
 i - a scroll of teleportation
 k - a scroll of noise {unknown}
Potions
 d - a potion of might
 j - a potion of curing {unknown}
Comestibles
 f - 2 rations
 g - 2 chunks of flesh


   Skills:
 * Level 3.3 Fighting
 + Level 2.6 Axes
 + Level 3.1 Armour
 * Level 1.2 Dodging
 + Level 3.1 Shields


You had 3 spell levels left.
You didn't know any spells.
Your spell library was empty.

Dungeon Overview and Level Annotations

Branches:
Dungeon (3/15)

Annotations:
D:6 Pikel


Innate Abilities, Weirdness & Mutations

You have an increased reservoir of magic. (+10% MP)


Message History

The gnoll hits you with a +0 spear. The bullfrog hits you.
* * * LOW HITPOINT WARNING * * *
The gnoll hits you but does no damage. The phantom completely misses you.
The gnoll barely misses you. The bullfrog hits you.
* * * LOW HITPOINT WARNING * * *
The slave hits you.
* * * LOW HITPOINT WARNING * * *
Unknown command.
The orc wizard casts a spell.
The orc wizard blinks!
You block the bullfrog's attack. You block the gnoll's attack.
You block the slave's attack. The bullfrog barely misses you.
Unknown command.
Unknown command.
Unknown command.
You block the bullfrog's attack. You block the gnoll's attack.
The bullfrog hits you.
* * * LOW HITPOINT WARNING * * *
The phantom hits you.
You die...

##.##.. ....
#.....####..#... .....
#........#..#... .....
##..............###?....
#................#......
#...........o.##........
..............#......#
............ogK......#
........)...ppgp@r...#
.........>ยง..gOFW.......
..............op........
...........##.....(.....
..................###...
...?..............# ..
............#....... .
..........##....##.
................#


You could see Pikel, a phantom, an ogre, 4 slaves, a bullfrog, an orc wizard
(fast), 3 gnolls, 2 orcs and a quokka.

Vanquished Creatures
  6 adders
  A dart slug (D:2)
  2 leopard geckos
  2 orcs
  A giant cockroach (D:3)
  2 goblins
  6 hobgoblins
  3 jackals (D:1)
  3 bats
  A frilled lizard (D:2)
  6 kobolds
  6 rats
39 creatures vanquished.

Notes
Turn   | Place    | Note
-------+----------+-------------------------------------------
     0 | D:1      | DungeonDestroyer the Demigod Fighter began the quest for
                  | the Orb.
     0 | D:1      | Reached XP level 1. HP: 18/18 MP: 3/3
   166 | D:1      | Reached XP level 2. HP: 24/25 MP: 4/4
   991 | D:2      | Found a shimmering blue altar of Sif Muna.
  1149 | D:2      | Found a shattered altar of Ashenzari.
  1181 | D:2      | Reached XP level 3. HP: 24/31 MP: 5/5
  1337 | D:2      | Reached skill level 1 in Dodging
  1541 | D:2      | Found a sparkling altar of Nemelex Xobeh.
  1966 | D:3      | Reached XP level 4. HP: 33/38 MP: 6/6
  2207 | D:3      | You fall into a shaft and drop 3 floors!
  2208 | D:6      | Noticed a slave
  2208 | D:6      | Noticed a slave
  2209 | D:6      | Noticed a slave
  2209 | D:6      | Noticed a slave
  2210 | D:6      | Noticed a phantom
  2212 | D:6      | Noticed Pikel
  2214 | D:6      | Noticed an ogre
  2218 | D:6      | Noticed a bullfrog
  2222 | D:6      | Slain by a phantom

Illustrated notes

Levels and vault maps discovered:
D:1:      minmay_arrival_hallway, layout_basic, serial_corexii_hall,
          corexii_hall_statues_l, corexii_hall_statues_u
D:2:      layout_loops_ring, old_standard_altar, lemuel_coloured_pillars_altar,
          ashenzari_altar_1
D:3:      layout_rooms, lemuel_crystal_altar, corner_web_ring,
          kennysheep_generic_room_13
D:6:      layout_cave_pools, uniq_pikel

Skill      XL: |  1  2  3 |
---------------+----------+-----
Fighting       | 3 |  3.3
Axes           | 2 |  2.6
Armour         | 3 |  3.1
Shields        | 3 |  3.1
Dodging        | 1 |  1.2

Action                   |  1- 3 |  4- 6 || total
-------------------------+-------+-------++-------
Melee: War axe           |   101 |    13 ||   114
  Use: Scroll            |     4 |       ||     4
       Potion            |     2 |       ||     2
  Eat: Chunk             |     3 |     1 ||     4
Armor: Scale mail        |    45 |    12 ||    57
Dodge: Dodged            |    29 |     8 ||    37
Block: Kite shield       |    70 |    18 ||    88
